 Dungeon Crawl Stone Soup version 0.29.1-12-g30fa7ad0bf (webtiles) character file.

Game seed: 3288784662280384072

156 booth the Chopper (level 5, -16/41 HPs)
             Began as a Demonspawn Gladiator on Dec 31, 2022.
             Was a Believer of Cheibriados.
             Demolished by an ogre
             ... wielding a +0 giant club
              (26 damage)
             ... on level 5 of the Dungeon.
             The game lasted 00:22:57 (3226 turns).

booth the Chopper (Demonspawn Gladiator)            Turns: 3226, Time: 00:22:58

Health: -16/41     AC: 16    Str: 20    XL:     5   Next: 14%
Magic:  5/5        EV: 13    Int: 14    God:    Cheibriados [**....]
Gold:   204        SH:  0    Dex: 24    Spells: 4/4 levels left

rFire   . . .      SeeInvis +   a - +0 war axe (venom)
rCold   . . .      Faith    .   (no shield)
rNeg    . . .      Spirit   .   b - +0 leather armour
rPois   .          Reflect  .   u - +1 helmet {SInv}
rElec   .          Harm     .   o - +0 cloak
rCorr   .          Rampage  .   g - +0 pair of gloves
Will    .....                   (no boots)
Stlth   ++........              (no amulet)
HPRegen 0.13/turn               v - +6 ring of dexterity
MPRegen 0.09/turn               (no ring)

@: sanguine armoured, very slow
A: hooves 1, sanguine armour 2
a: Renounce Religion, Bend Time


You were on level 5 of the Dungeon.
You worshipped Cheibriados.
Cheibriados was pleased with you.
You visited 1 branch of the dungeon, and saw 6 of its levels.

You collected 204 gold pieces.

Inventory:

Hand Weapons
 a - a +0 war axe of venom (weapon)
 m - a +0 vampiric flail
Missiles
 d - 2 throwing nets (quivered)
 e - a javelin
Armour
 b - a +0 leather armour (worn)
 g - a +0 pair of gloves (worn)
 o - a +0 cloak (worn)
 u - a +1 helmet of see invisible (worn)
Jewellery
 v - a +6 ring of dexterity (left hand)
Scrolls
 h - 2 scrolls of immolation
 j - a scroll of amnesia {unknown}
 k - 2 scrolls of teleportation {unknown}
 n - a scroll of torment {unknown}
 p - 2 scrolls of enchant weapon {unknown}
 r - a scroll of fog {unknown}
 t - a scroll of fear {unknown}
Potions
 c - a potion of might {unknown}
 f - a potion of flight {unknown}
 i - a potion of attraction {unknown}
 l - 2 potions of curing {unknown}
 q - a potion of resistance {unknown}
 s - a potion of haste {unknown}


   Skills:
 + Level 3.0 Fighting
 * Level 3.8 Axes
 + Level 2.0 Throwing
 * Level 2.3 Armour
 - Level 2.8 Dodging
 + Level 0.3 Stealth


You had 4 spell levels left.
You didn't know any spells.
Your spell library contained the following spells:

 Spells                   Type           Power      Damage    Failure   Level
 Foxfire                  Conj/Fire      0%         2x1d4     32%         1
 Conjure Flame            Conj/Fire      0%         6-21      69%         3
 Inner Flame              Hex/Fire       0%         N/A       69%         3
 Flame Wave               Conj/Fire      0%         2d4       97%         4


Dungeon Overview and Level Annotations

Branches:
Dungeon (6/15)
 Temple: D:4-7

Altars:
Cheibriados
Ru
Uskayaw


Innate Abilities, Weirdness & Mutations

You have large cloven feet.
When seriously injured, your blood forms thick armour. (AC +9)


Message History

You closely miss the adder. You kick the adder.
The adder is moderately wounded.
The adder closely misses you. The adder bites you.
You slash the adder!
You kill the adder!
Cheibriados thoroughly appreciates the change of pace.
You see here a +0 scale mail.
Found a stone staircase leading up.
There is a stone staircase leading up here.
HP restored.
You climb upwards.
Found a tourmaline ring.
There is a stone staircase leading down here.
Found a sling.
v - a +6 ring of dexterity
Okay, then.
Okay, then.
You feel agile.
v - a +6 ring of dexterity (left hand)
Found 18 gold pieces.
Found a blackened bronze wand and 11 gold pieces.
An ogre comes into view. It is wielding a +0 giant club.
The ogre shouts!
The ogre barely misses you. The ogre attacks as you move away!
The ogre misses you.
You barely miss the ogre. The ogre barely misses you.
You slash the ogre!
The ogre is poisoned.
You kick the ogre, but do no damage.
The ogre is heavily wounded.
The ogre closely misses you.
You barely miss the ogre.
The ogre is heavily wounded.
The ogre hits you with a +0 giant club!!
Ouch! That really hurt!
* * * LOW HITPOINT WARNING * * *
Your blood congeals into armour.
You hit the ogre.
The ogre looks as sick as possible!
The ogre is severely wounded.
The ogre hits you with a +0 giant club!!
Ouch! That really hurt!
You die...

..... .......
#+#
.......####.#
.......+...>#
.$.....####@#
.........##O#
.........#..#
...........##
./........##
.....)...##
#..........
#.........##
#.........#


You could see an ogre (extremely poisoned).

Vanquished Creatures
  An orc wizard (D:3)
  3 gnolls (D:2)
  3 adders
  An ufetubus (D:3)
  A worm (D:2)
  2 dart slugs
  4 orcs (D:3)
  2 endoplasms (D:2)
  4 giant cockroaches
  4 goblins
  7 hobgoblins
  2 jackals (D:3)
  4 kobolds
  2 quokkas
  9 ball pythons
  2 bats
  5 frilled lizards
  2 rats (D:2)
58 creatures vanquished.

Vanquished Creatures (others)
  A plant (D:2)
1 creature vanquished.

Grand Total: 59 creatures vanquished

Notes
Turn   | Place    | Note
-------+----------+-------------------------------------------
     0 | D:1      | booth the Demonspawn Gladiator began the quest for the Orb.
     0 | D:1      | Reached XP level 1. HP: 16/16 MP: 1/1
   280 | D:1      | Gained mutation: When seriously injured, your blood forms
                  | armour. (AC +9) [demonic ancestry]
   280 | D:1      | Reached XP level 2. HP: 22/22 MP: 2/2
   848 | D:2      | Reached skill level 1 in Armour
   848 | D:2      | Gained mutation: You have large cloven feet. [demonic
                  | ancestry]
   848 | D:2      | Reached XP level 3. HP: 25/28 MP: 3/3
  1377 | D:2      | Found a faded altar of an unknown god.
  1388 | D:2      | Prayed at the altar of an unknown god.
  1388 | D:2      | Became a worshipper of Cheibriados the Contemplative
  1388 | D:2      | Reached * piety under Cheibriados
  1456 | D:2      | Gained mutation: When seriously injured, your blood forms
                  | thick armour. (AC +9) [demonic ancestry]
  1456 | D:2      | Reached XP level 4. HP: 28/34 MP: 4/4
  2752 | D:3      | Reached ** piety under Cheibriados
  2871 | D:3      | Reached XP level 5. HP: 41/41 MP: 5/5
  3017 | D:3      | Found a hide-covered altar of Uskayaw.
  3022 | D:3      | Found a sacrificial altar of Ru.
  3168 | D:4      | You fall into a shaft and drop 2 floors!
  3203 | D:5      | Entered Level 5 of the Dungeon
  3214 | D:5      | Noticed an ogre
  3226 | D:5      | Demolished by an ogre

Illustrated notes

Levels and vault maps discovered:
D:1:      ebering_trefoil_3fold, layout_basic
D:2:      layout_loops_ring, basic_ecumenical_altar, minmay_hedge_maze,
          chequers_big_river
D:3:      layout_loops_corners, mainiacjoe_overflow_big_doors, dk_vineyard_2,
          nicolae_titane
D:4:      layout_gridville, mainiacjoe_overflow_boulevard, lemuel_tele_altar
D:5:      layout_basic, minmay_temple_entry_sparse_star, serial_shops, shop,
          uniq_duvessa
D:6:      layout_basic

Skill      XL: |  1  2  3  4 |
---------------+-------------+-----
Axes           | 3 |  3.8
Armour         | 1 2 |  2.3
Throwing       | 2 |  2.0
Fighting       | 3 |  3.0
Dodging        | |  2.8
Stealth        | |  0.3

Action                   |  1- 3 |  4- 6 || total
-------------------------+-------+-------++-------
Melee: War axe           |   103 |    84 ||   187
       Punch             |     1 |       ||     1
       Kick              |    15 |    16 ||    31
Throw: Javelin           |     1 |       ||     1
       Throwing net      |     1 |       ||     1
  Use: Scroll            |     1 |     2 ||     3
 Stab: Sleeping          |       |     2 ||     2
Armor: Leather armour    |    40 |    30 ||    70
Dodge: Dodged            |    90 |    60 ||   150
